AoeStats
← DS_Sir Rubio MX

Acropolis

503304307Analyzed
1v1 RM · 3mo ago on Aug 31, 2026· 55m 17s· 2 players
Game mode
Random Map
Map size
Tiny (2 player)
Population
200
Speed
Normal
Resources
Standard
Victory
Conquest
Starting age
Dark Age
Ending age
Imperial Age
RankedLock teamsTeams togetherTeam positionsShared explorationLock speedFull tech treeHidden civsTurbo modeCheats
Victory
Defeat
🇺🇸 Goths · United States
1114
+16
vs
🇲🇽 Khitans · Mexico
1109
-16
DS_Sir Rubio MX
6:24 Loom
9:46 Feudal Age
10:20 Double-Bit Axe
13:52 Domestication
15:22 Forging
22:46 Wheelbarrow
24:41 Castle Age
25:01 Scale Barding Armor
25:26 Fletching
25:37 Padded Archer Armor
26:07 Bodkin Arrow
25:54 Light Cavalry
26:37 Husbandry
25:58 Light Cavalry
28:16 Scale Barding Armor
30:00 Heavy Cavalry Archer
31:03 Hand Cart
33:52 Stone Mining
34:56 Iron Casting
34:42 Chain Barding Armor
34:39 Leather Archer Armor
43:45 Town Watch
50:43 Imperial Age
49:07 Thumb Ring
53:38 Plate Barding Armor
53:05 Bracer
THE REAL DEAL*
0:36 Loom
14:08 Feudal Age
14:14 Man-at-Arms
19:41 Double-Bit Axe
19:43 Horse Collar
25:46 Castle Age
24:44 Wheelbarrow
26:01 Long Swordsman
33:34 Town Watch
40:24 Hand Cart
42:02 Heavy Plow
44:01 Bow Saw
44:01 Pikeman
51:01 Imperial Age
51:07 Anarchy
51:06 Halberdier
55:03 Forging
54:53 Scale Mail Armor
Connection lost

Rejoining the realm…

Still unreachable

The connection could not be restored.

Session expired

The server has moved on; the page needs a fresh start.